 Dungeon Crawl Stone Soup version 0.26.1-11-gd32895ea62 (webtiles) character file.

Game seed: 12051604534468655038

6 Zeld the Caller (level 1, 0/11 HPs)
             Began as an Octopode Summoner on May 10, 2021.
             Slain by a bat (1 damage)
             ... on level 1 of the Dungeon.
             The game lasted 00:01:02 (576 turns).

Zeld the Caller (Octopode Summoner)                  Turns: 576, Time: 00:01:03

Health: 0/11       AC:  1    Str:  7    XL:     1   Next: 90%
Magic:  1/3        EV: 13    Int: 17    God:
Gold:   30         SH:  0    Dex: 12    Spells: 3/4 levels left

rFire    . . .     SeeInvis .   (no weapon)
rCold    . . .     Faith    .   (no shield)
rNeg     . . .     Spirit   .   (helmet restricted)
rPois    .         Reflect  .   (no amulet)
rElec    .         Harm     .   (no ring)
rCorr    .         Rampage  .   (no ring)
Will     .....                  (no ring)
Stlth    +++.......             (no ring)
HPRegen  0.03/turn              (no ring)
MPRegen  0.08/turn              (no ring)
                                (no ring)
                                (no ring)

@: no status effects
A: almost no armour, stealthy swim, amphibious, 8 rings, constrict 8, camouflage
1, gelatinous body 1
a: no special abilities


You were on level 1 of the Dungeon.
You visited 1 branch of the dungeon, and saw 1 of its levels.

You collected 30 gold pieces.

Inventory:

Jewellery
 a - a +4 ring of evasion {unknown}
Potions
 b - a potion of might {unknown}


   Skills:
 + Level 2.1 Dodging
 - Level 2.6 Stealth
 + Level 2.1 Spellcasting
 * Level 4.2 Summonings


You had 3 spell levels left.
You knew the following spells:

 Your Spells              Type           Power        Failure   Level
a - Summon Small Mammal   Summ           64%          3%          1

Your spell library contained the following spells:

 Spells                   Type           Power        Failure   Level
 Call Imp                 Summ           16%          5%          2
 Call Canine Familiar     Summ           16%          11%         3
 Summon Guardian Golem    Hex/Summ       8%           24%         3
 Summon Ice Beast         Ice/Summ       8%           63%         4
 Summon Lightning Spire   Summ/Air       8%           63%         4


Dungeon Overview and Level Annotations

Branches:
Dungeon (1/15)

Altars:


Innate Abilities, Weirdness & Mutations

You cannot wear most types of armour.
You are very stealthy in the water. (Stealth+)
You are amphibious.
You can wear up to eight rings at the same time.
You can use your tentacles to constrict eight enemies at once.
Your skin changes colour to match your surroundings (Stealth+).
Your rubbery body absorbs attacks. (AC +1, EV +1)


Message History

Your magical contamination has completely faded away.
The bat hits your quokka.
Your quokka misses the bat. The giant cockroach bites you.
The bat closely misses your quokka.
Unknown command.
The giant cockroach bites you.
Unknown command.
The giant cockroach barely misses you. The giant cockroach barely misses you.
Your quokka barely misses the bat.
The hobgoblin barely misses you.
The giant cockroach bites you but does no damage.
Your quokka bites the giant cockroach.
Your rat bites the bat.
The bat closely misses you.
The goblin hits your quokka but does no damage.
The giant cockroach bites you. The hobgoblin hits you.
* * * LOW HITPOINT WARNING * * *
You are too injured to fight recklessly!
You are too injured to fight recklessly!
Unknown command.
The bat hits you.
You die...

#..#####.#..#. ..#
#......#.#.... #.. #.#.#
#.####.#...... #..
#.#.#.#.# #.#....).
#...#.#.#.#.####.#......
##...#.#.#..>.....+.....(
....g..#.###.######......
#...r.#.# #.# #......
#....B#@###.## #......
#....gb......# #......
#.....r......# #......
#............# #####
###..........#
#..........# #..........#
#......#....#
#.#########.#


You could see a hobgoblin, a bat and a friendly rat (summoned).

Vanquished Creatures
  A giant cockroach (D:1)
1 creature vanquished.

Vanquished Creatures (collateral kills)
  3 goblins (D:1)
  3 kobolds (D:1)
  2 rats (D:1)
8 creatures vanquished.

Grand Total: 9 creatures vanquished

Notes
Turn   | Place    | Note
-------+----------+-------------------------------------------
     0 | D:1      | Zeld the Octopode Summoner began the quest for the Orb.
     0 | D:1      | Reached XP level 1. HP: 11/11 MP: 3/3
   576 | D:1      | Slain by a bat

Illustrated notes

Levels and vault maps discovered:
D:1:      dpeg_arrival_tiny_g, layout_basic

Action                   || total
-------------------------++-------
Melee: Unarmed           ||     1
       Constrict         ||     1
       Tentacles         ||     1
 Cast: Summon Small Mamm ||    20
Armor: Skin              ||     5
Dodge: Dodged            ||    11
